Map: Ruins of Seras

Players

llllllllllll

  • Race: Terran Terran
  • League: Master

IlIlIlIlIlIl - Winner!

  • Race: Protoss Protoss
  • League: Grandmaster

VOD

Have the link to the VOD?

Description

Time

  • Played on: Jan. 21, 2016, 12:55 a.m.
  • Length: 9:07
Show
View Real Time Build Order
Export as new Build Order

llllllllllll Terran 

Build Orders: Cyclone Opening, Mech 

Get SALT Encoding   

  12  0:01  SCV  
  13  0:14  SCV  
  14  0:18  Supply Depot  
  14  0:26  SCV  
  15  0:40  SCV  
  15  0:42  Barracks  
  16  0:48  Refinery  
  16  0:52  SCV  
  17  1:04  SCV  
  18  1:16  SCV  
  19  1:31  Orbital Command  
  19  1:42  Command Center  
  19  1:53  Factory  
  19  1:57  SCV  
  20  2:03  Refinery  
  20  2:09  SCV  
  21  2:19  Barracks Tech Lab  
  22  2:22  SCV  
  22  2:24  Supply Depot  
  22  2:34  SCV  
  23  2:45  Cyclone, Refinery  
  23  2:49  SCV  
  27  2:54  Orbital Command  
  27  3:04  SCV  
  27  3:12  Factory  
  27  3:17  SCV  
  28  3:20  SCV  
  28  3:24  Cyclone  
  32  3:30  SCV  
  34  3:34  SCV  
  33  3:42  SCV  
  32  3:54  SCV x2  
  34  3:56  Siege Tank  
  37  4:04  Widow Mine, Barracks Tech Lab  
  37  4:06  Factory  
  37  4:09  SCV  
  41  4:10  SCV  
  41  4:17  Supply Depot x2  
  41  4:22  Supply Depot, SCV x2  
  43  4:34  SCV x2  
  42  4:40  Siege Tank  
  45  4:46  SCV x2  
  45  4:49  Siege Tank  
  45  4:50  Widow Mine  
  49  4:58  SCV x2  
  51  5:02  Armory  
  51  5:05  Barracks Reactor  
  51  5:09  Refinery  
  51  5:10  SCV x2  
  53  5:17  Cyclone  
  56  5:21  Supply Depot  
  56  5:22  Supply Depot, SCV x2  
  58  5:33  Cyclone  
  61  5:38  SCV x2  
  61  5:42  Supply Depot x2  
  63  5:48  Widow Mine x2  
  67  5:50  Cyclone, SCV x2  
  72  5:58  Command Center  
  72  6:05  Cyclone  
  72  6:08  SCV x2  
  77  6:15  Supply Depot  
  77  6:18  Supply Depot  
  68  6:37  SCV  
  68  6:38  SCV  
  66  6:41  Widow Mine x2, Cyclone x2  
  66  6:43  Mag-Field Accelerator  
  76  6:57  Drilling Claws  
  76  7:00  Refinery  
  76  7:01  Command Center  
  76  7:02  Refinery  
  76  7:05  SCV x2  
  69  7:16  Cyclone  
  70  7:26  SCV  
  71  7:36  Orbital Command  
  68  7:40  SCV x2  
  68  7:41  Widow Mine, Cyclone  
  75  7:48  Cyclone  
  77  7:52  SCV  
  78  8:01  SCV  
  78  8:02  SCV  
  80  8:07  SCV  
  81  8:13  Cyclone, SCV  
  81  8:16  Engineering Bay  
  81  8:17  Supply Depot x3  
  81  8:18  Supply Depot  
  85  8:21  Widow Mine x2, Cyclone  
  85  8:22  Refinery  
  92  8:28  Refinery  
  92  8:30  SCV x3  
  94  8:38  Refinery  
  91  8:52  Command Center  
  91  8:54  Missile Turret  
  96  8:55  Command Center  
Show
View Real Time Build Order
Export as new Build Order

IlIlIlIlIlIl Protoss - Winner!

Build Orders: Nexus First 

Get SALT Encoding   

  12  0:03  Probe (Chrono Boost)  
  13  0:14  Probe (Chrono Boost)  
  14  0:19  Pylon  
  14  0:24  Probe (Chrono Boost)  
  15  0:37  Probe (Chrono Boost)  
  16  0:48  Probe (Chrono Boost)  
  17  0:58  Nexus  
  17  1:09  Gateway  
  17  1:13  Probe (Chrono Boost)  
  18  1:23  Probe (Chrono Boost)  
  18  1:24  Assimilator  
  19  1:27  Assimilator  
  19  1:34  Probe (Chrono Boost)  
  20  1:44  Probe (Chrono Boost)  
  20  1:45  Gateway  
  21  1:55  Probe (Chrono Boost)  
  21  1:58  Cybernetics Core  
  22  2:05  Probe (Chrono Boost)  
  23  2:11  Probe (Chrono Boost)  
  24  2:16  Probe (Chrono Boost)  
  24  2:22  Probe (Chrono Boost)  
  26  2:26  Probe (Chrono Boost)  
  27  2:32  Probe (Chrono Boost)  
  27  2:33  Adept (Chrono Boost)  
  27  2:34  Adept (Chrono Boost)  
  32  2:37  Mothership Core (Chrono Boost), Warp Gate  
  32  2:44  Probe (Chrono Boost)  
  35  2:48  Pylon  
  35  2:56  Probe (Chrono Boost)  
  37  2:58  Probe (Chrono Boost)  
  37  3:04  Robotics Facility  
  37  3:06  Probe (Chrono Boost)  
  37  3:09  Probe (Chrono Boost)  
  39  3:17  Probe (Chrono Boost)  
  39  3:19  Probe (Chrono Boost)  
  41  3:22  Pylon  
  41  3:27  Probe (Chrono Boost)  
  41  3:30  Probe (Chrono Boost)  
  41  3:38  Probe (Chrono Boost)  
  42  3:43  Probe (Chrono Boost)  
  42  3:45  Robotics Facility  
  43  3:48  Probe (Chrono Boost)  
  43  3:52  Immortal  
  43  3:53  Probe (Chrono Boost)  
  49  3:59  Pylon, Probe (Chrono Boost)  
  50  4:04  Probe (Chrono Boost)  
  50  4:09  Pylon  
  51  4:10  Probe (Chrono Boost)  
  51  4:14  Probe (Chrono Boost)  
  51  4:15  Assimilator  
  51  4:16  Assimilator  
  53  4:21  Probe (Chrono Boost)  
  54  4:25  Probe (Chrono Boost)  
  54  4:26  Pylon  
  54  4:31  Pylon  
  53  4:32  Immortal  
  53  4:36  Mothership Core (Chrono Boost)  
  59  4:41  Immortal (Chrono Boost)  
  62  4:47  Probe (Chrono Boost)  
  63  4:55  Probe (Chrono Boost)  
  65  5:00  Probe (Chrono Boost)  
  65  5:02  Nexus  
  65  5:03  Pylon  
  65  5:06  Probe (Chrono Boost)  
  66  5:09  Forge  
  66  5:10  Warp Prism (Chrono Boost), Probe (Chrono Boost)  
  69  5:21  Stargate  
  69  5:22  Stargate  
  69  5:27  Observer (Chrono Boost)  
  70  5:29  Probe  
  70  5:32  Pylon  
  71  5:36  Probe  
  71  5:42  Protoss Ground Weapons Level 1, Probe  
  73  5:45  Immortal (Chrono Boost)  
  73  5:47  Warp Prism (Chrono Boost)  
  79  5:51  Photon Cannon  
  79  5:53  Probe  
  80  5:59  Photon Cannon  
  80  6:01  Probe  
  81  6:05  Probe  
  82  6:13  Phoenix x2, Probe x2  
  82  6:17  Probe  
  90  6:25  Probe  
  90  6:37  Probe  
  90  6:38  Phoenix x2  
  85  6:42  Probe  
  85  6:43  Immortal x2 (Chrono Boost), Probe  
  95  6:49  Photon Cannon, Probe  
  95  6:53  Probe  
  96  6:55  Probe  
  96  7:01  Probe  
  99  7:03  Phoenix, Probe  
  102  7:10  Phoenix, Probe  
  102  7:14  Assimilator  
  102  7:15  Assimilator  
  105  7:20  Probe  
  105  7:23  Warp Prism (Chrono Boost), Probe  
  105  7:25  Immortal (Chrono Boost)  
  105  7:28  Phoenix (Chrono Boost)  
  112  7:38  Nexus  
  112  7:40  Pylon, Phoenix (Chrono Boost)  
  112  7:43  Pylon  
  114  7:52  Phoenix (Chrono Boost)  
  116  8:01  Pylon  
  116  8:02  Pylon  
  116  8:03  Gateway  
  116  8:04  Gateway  
  116  8:06  Gateway  
  116  8:07  Phoenix (Chrono Boost)  
  116  8:08  Gateway  
  116  8:10  Adept x2  
  116  8:12  Observer  
  124  8:13  Immortal  
  125  8:21  Probe x2  
  125  8:22  Probe  
  125  8:25  Phoenix (Chrono Boost), Assimilator  
  130  8:28  Phoenix (Chrono Boost)  
  130  8:30  Assimilator  
  130  8:49  Adept x2  
  130  8:51  Probe  
  130  8:52  Probe  
  130  8:53  Probe  
Tags
 
Add a new tag
Caveats
  • Supply blocks, unpowered buildings, or Contaminate may cause inaccurate times.
  • Supply counts are checked every 10 seconds.